MLB
KANSAS CITY ROYALS @ TEXAS RANGERS
06/17/2020
 
TOP OF THE 1ST
Kansas City Royals batting - Pitching for Texas Rangers : RHP Lance Lynn
Pitching: RHP Lance Lynn
Batting: RHB Whit Merrifield 0-0: Bunt for hit to 5S - play at first, batter safe!
Batting: RHB Jorge Soler 0-0: Called Strike
0-1: Ball
1-1: Foul Ball, location: 2F
1-2: Ball
2-2: Strikes out swinging
Batting: RHB Hunter Dozier 0-0: Foul Ball, location: 2F
0-1: Ball
1-1: Swinging Strike
1-2: Fly out, F9 (Flyball, 9S, EV 86.9 MPH)
Batting: LHB Nicky Lopez 0-0: Ball
1-0: Swinging Strike
1-1: Swinging Strike
1-2: Strikes out swinging, 2-3 out at first.
Top of the 1st over - 0 runs, 1 hit, 0 errors, 1 left on base; Kansas City 0 - Texas 0
BOTTOM OF THE 1ST
Texas Rangers batting - Pitching for Kansas City Royals : RHP Brady Singer
Pitching: RHP Brady Singer
Batting: RHB Elvis Andrus 0-0: Ball
1-0: Swinging Strike
1-1: Fly out, F8 (Flyball, 8RM, EV 87.5 MPH)
Batting: LHB Shin-Soo Choo 0-0: Ball
1-0: Fly out, F7 (Flyball, 7LS, EV 81.3 MPH)
Batting: SHB Danny Santana 0-0: DOUBLE (Flyball, 8LXD, EV 101.9 MPH)
Batting: LHB Joey Gallo 0-0: Ball
1-0: Called Strike
1-1: Foul Ball, location: 2F
1-2: Ball
2-2: Foul Ball, location: 2F
2-2: Foul Ball, location: 2F
2-2: Ground out 4-3 (Groundball, 34, EV 85.0 MPH)
Bottom of the 1st over - 0 runs, 1 hit, 0 errors, 1 left on base; Kansas City 0 - Texas 0
TOP OF THE 2ND
Kansas City Royals batting - Pitching for Texas Rangers : RHP Lance Lynn
Batting: LHB Ryan O'Hearn 0-0: Ball
1-0: Ball
2-0: Ball
3-0: Called Strike
3-1: Called Strike
3-2: Strikes out looking
Batting: SHB Adalberto Mondesi 0-0: Fly out, F7 (Flyball, 7S, EV 91.9 MPH)
Batting: LHB Brett Phillips 0-0: Ball
1-0: Called Strike
1-1: Called Strike
1-2: Strikes out looking
Top of the 2nd over - 0 runs, 0 hits, 0 errors, 0 left on base; Kansas City 0 - Texas 0
BOTTOM OF THE 2ND
Texas Rangers batting - Pitching for Kansas City Royals : RHP Brady Singer
Batting: RHB Robinson Chirinos 0-0: Ball
1-0: Foul Ball, location: 2F
1-1: Foul Ball, location: 2F
1-2: Strikes out swinging
Batting: LHB Ronald Guzman 0-0: Called Strike
0-1: Foul Ball, location: 2F
0-2: Strikes out swinging
Batting: RHB Todd Frazier 0-0: DOUBLE (Flyball, 89D, EV 107.5 MPH)
Pinch Runner at 2nd Willie Calhoun:
Batting: RHB Scott Heineman 0-0: Foul Ball, location: 2F
0-1: Foul Ball, location: 2F
0-2: Strikes out swinging
Bottom of the 2nd over - 0 runs, 1 hit, 0 errors, 1 left on base; Kansas City 0 - Texas 0
TOP OF THE 3RD
Kansas City Royals batting - Pitching for Texas Rangers : RHP Lance Lynn
Now at 3B: Isiah Kiner-Falefa
Batting: LHB Alex Gordon 0-0: Called Strike
0-1: Swinging Strike
0-2: Strikes out looking
Batting: RHB Cam Gallagher 0-0: Ball
1-0: Ground out 1-3 (Groundball, 15S, EV 64.4 MPH)
Batting: RHB Whit Merrifield 0-0: Foul Ball, location: 2F
0-1: Ball
1-1: Swinging Strike
1-2: Strikes out swinging
Top of the 3rd over - 0 runs, 0 hits, 0 errors, 0 left on base; Kansas City 0 - Texas 0
BOTTOM OF THE 3RD
Texas Rangers batting - Pitching for Kansas City Royals : RHP Brady Singer
Batting: RHB Andy Ibanez 0-0: Called Strike
0-1: Ball
1-1: Swinging Strike
1-2: Ball
2-2: Strikes out looking
Batting: RHB Elvis Andrus 0-0: Ball
1-0: Called Strike
1-1: Called Strike
1-2: Strikes out swinging
Batting: LHB Shin-Soo Choo 0-0: Swinging Strike
0-1: Foul Ball, location: 2F
0-2: Ball
1-2: Ball
2-2: Ground out 4-3 (Groundball, 4, EV 86.3 MPH)
Bottom of the 3rd over - 0 runs, 0 hits, 0 errors, 0 left on base; Kansas City 0 - Texas 0
TOP OF THE 4TH
Kansas City Royals batting - Pitching for Texas Rangers : RHP Lance Lynn
Batting: RHB Jorge Soler 0-0: Bunt for hit to 23 - play at first, batter safe!
Batting: RHB Hunter Dozier 0-0: Ball
1-0: SINGLE (Line Drive, 4D, EV 95.0 MPH)
Jorge Soler to second
Runner from 2nd tries for 3rd, SAFE, throw by CF made to third
Batting: LHB Nicky Lopez 0-0: Ball
1-0: DOUBLE (Flyball, 78XD, EV 109.4 MPH)
Jorge Soler scores
Hunter Dozier to third
Batting: LHB Ryan O'Hearn 0-0: Fly out, F9 (Flyball, 89D, EV 92.5 MPH)
Runner from 3rd tags up, SCORES, throw by RF
Batting: SHB Adalberto Mondesi 0-0: Ball
1-0: Swinging Strike
1-1: SINGLE (Groundball, 4MD, EV 99.4 MPH)
Nicky Lopez to third
Runner from 3rd tries for Home, SAFE, throw by CF to home
Adalberto Mondesi to second
Batting: LHB Brett Phillips 0-0: Ball
1-0: SINGLE (Groundball, 4MD, EV 106.3 MPH)
Adalberto Mondesi to third
Runner from 3rd tries for Home, SAFE, throw by CF to home
Brett Phillips to second
Batting: LHB Alex Gordon 0-0: Ball
1-0: Ball
2-0: Ground out 4-3 (Groundball, 34, EV 113.1 MPH)
Brett Phillips to third
Pitching: LHP Joe Palumbo
Batting: RHB Cam Gallagher 0-0: Ground out 6-3 (Groundball, 6, EV 103.1 MPH)
Top of the 4th over - 4 runs, 5 hits, 0 errors, 1 left on base; Kansas City 4 - Texas 0
BOTTOM OF THE 4TH
Texas Rangers batting - Pitching for Kansas City Royals : RHP Brady Singer
Batting: SHB Danny Santana 0-0: Ball
1-0: Ground out 4-3 (Groundball, 34D, EV 99.4 MPH)
Batting: LHB Joey Gallo 0-0: Ball
1-0: Foul Ball, location: 2F
1-1: Swinging Strike
1-2: Strikes out swinging
Batting: RHB Robinson Chirinos 0-0: Hit by Pitch
Batting: LHB Ronald Guzman 0-0: Called Strike
0-1: Called Strike
0-2: Ball
1-2: Ball
2-2: Ball
3-2: Ground out 4-3 (Groundball, 4, EV 88.1 MPH)
Bottom of the 4th over - 0 runs, 0 hits, 0 errors, 1 left on base; Kansas City 4 - Texas 0
TOP OF THE 5TH
Kansas City Royals batting - Pitching for Texas Rangers : LHP Joe Palumbo
Batting: RHB Whit Merrifield 0-0: Swinging Strike
0-1: SINGLE (Line Drive, 89S, EV 110.6 MPH)
Batting: RHB Jorge Soler 0-0: Swinging Strike
0-1: Called Strike
0-2: Foul Ball, location: 2F
0-2: Ball
1-2: Strikes out swinging
Batting: RHB Hunter Dozier 0-0: Called Strike
0-1: Ball
1-1: Called Strike
1-2: Strikes out swinging
Batting: LHB Nicky Lopez 0-0: Foul Ball, location: 2F
0-1: SINGLE (Groundball, 4MD, EV 108.1 MPH)
Whit Merrifield to second
Batting: LHB Ryan O'Hearn 0-0: Ball
1-0: Called Strike
1-1: Ball
2-1: Called Strike
2-2: Ball
3-2: Foul Ball, location: 2F
3-2: Strikes out swinging passed ball, reaches first!
Whit Merrifield to third
Nicky Lopez to second
Pitching: RHP Nick Goody
Batting: SHB Adalberto Mondesi 0-0: Foul Ball, location: 2F
0-1: Called Strike
0-2: Strikes out swinging
Top of the 5th over - 0 runs, 2 hits, 0 errors, 3 left on base; Kansas City 4 - Texas 0
BOTTOM OF THE 5TH
Texas Rangers batting - Pitching for Kansas City Royals : RHP Brady Singer
Batting: RHB Isiah Kiner-Falefa 0-0: Swinging Strike
0-1: Called Strike
0-2: Fly out, F4 (Flyball, 34D, EV 80.0 MPH)
Batting: RHB Scott Heineman 0-0: Ball
1-0: Foul Ball, location: 2F
1-1: Ground out 6-3 (Groundball, 6D, EV 101.3 MPH)
Batting: RHB Andy Ibanez 0-0: Ball
1-0: Ground out 6-3 (Groundball, 6S, EV 87.5 MPH)
Bottom of the 5th over - 0 runs, 0 hits, 0 errors, 0 left on base; Kansas City 4 - Texas 0
TOP OF THE 6TH
Kansas City Royals batting - Pitching for Texas Rangers : RHP Nick Goody
Batting: LHB Brett Phillips 0-0: Ball
1-0: Ball
2-0: Called Strike
2-1: Swinging Strike
2-2: Fly out, F9 (Flyball, 89S, EV 78.1 MPH)
Batting: LHB Alex Gordon 0-0: Ball
1-0: Ball
2-0: Ball
3-0: Base on Balls
Batting: RHB Cam Gallagher 0-0: Ground out 5-3 (Groundball, 56S, EV 63.8 MPH)
Alex Gordon to second
Batting: RHB Whit Merrifield 0-0: Swinging Strike
0-1: Ball
1-1: Called Strike
1-2: Strikes out looking
Top of the 6th over - 0 runs, 0 hits, 0 errors, 1 left on base; Kansas City 4 - Texas 0
BOTTOM OF THE 6TH
Texas Rangers batting - Pitching for Kansas City Royals : RHP Brady Singer
Batting: RHB Elvis Andrus 0-0: Swinging Strike
0-1: Ball
1-1: Ball
2-1: Ball
3-1: Foul Ball, location: 2F
3-2: DOUBLE (Line Drive, 7LD, EV 112.5 MPH)
Batting: LHB Shin-Soo Choo 0-0: Ball
1-0: Foul Ball, location: 2F
1-1: Ground out 5-3 (Groundball, 56, EV 105.6 MPH)
Batting: SHB Danny Santana 0-0: Ball
1-0: SINGLE (Line Drive, 4D, EV 94.4 MPH)
Elvis Andrus to third
Runner from 3rd tries for Home, SAFE, throw by CF to home
Batting: LHB Joey Gallo 0-0: Ball
1-0: Ball
2-0: Called Strike
2-1: Fly out, F4 (Line Drive, 3, EV 63.8 MPH)
Batting: RHB Robinson Chirinos 0-0: Ball
Danny Santana steals 2nd base (no throw)
1-0: Ball
2-0: Ball
3-0: Base on Balls
Batting: LHB Ronald Guzman 0-0: Ball
1-0: Reached on error, E7 (Flyball, 7D, EV 102.5 MPH)
Danny Santana scores
Robinson Chirinos to third
Batting: RHB Isiah Kiner-Falefa 0-0: Foul Ball, location: 2F
0-1: Ball
1-1: Foul Ball, location: 2F
1-2: Fly out, F6 (Popup, 6S, EV 75.0 MPH)
Bottom of the 6th over - 2 runs, 2 hits, 1 error, 2 left on base; Kansas City 4 - Texas 2
TOP OF THE 7TH
Kansas City Royals batting - Pitching for Texas Rangers : RHP Nick Goody
Pitching: RHP Juan Nicasio
Batting: RHB Jorge Soler 0-0: Foul Ball, location: 2F
0-1: Swinging Strike
0-2: SOLO HOME RUN (Flyball, 7D, EV 101.3 MPH), Distance : 409 ft
Batting: RHB Hunter Dozier 0-0: SINGLE (Flyball, 5D, EV 91.9 MPH)
Batting: LHB Nicky Lopez 0-0: Called Strike
0-1: Ball
1-1: Fielders Choice at 2nd, 4-6 (Groundball, 4, EV 87.5 MPH)
Batting: LHB Ryan O'Hearn 0-0: Ball
1-0: Swinging Strike
1-1: Ball
2-1: Ball
3-1: Base on Balls
Nicky Lopez to second
Batting: SHB Adalberto Mondesi 0-0: Ball
1-0: SINGLE (Line Drive, 8LS, EV 92.5 MPH)
Nicky Lopez to third
Ryan O'Hearn to second
Runner from 3rd tries for Home, SAFE, throw by CF to home
Batting: LHB Brett Phillips 0-0: Foul Ball, location: 2F
0-1: Ball
1-1: Ball
2-1: Ball
3-1: Called Strike
3-2: Ground out 3-1 (Groundball, 34S, EV 70.0 MPH)
Ryan O'Hearn to third
Adalberto Mondesi to second
Pitching: RHP Josh Fields
Batting: LHB Alex Gordon 0-0: Ball
1-0: Foul Ball, location: 2F
1-1: Ground out 4-3 (Groundball, 34, EV 105.6 MPH)
Top of the 7th over - 2 runs, 3 hits, 0 errors, 2 left on base; Kansas City 6 - Texas 2
BOTTOM OF THE 7TH
Texas Rangers batting - Pitching for Kansas City Royals : RHP Brady Singer
Batting: RHB Scott Heineman 0-0: Ball
1-0: Fly out, F8 (Flyball, 8RD, EV 96.9 MPH)
Batting: RHB Andy Ibanez 0-0: Ground out 5-3 (Groundball, 56S, EV 84.4 MPH)
Batting: RHB Elvis Andrus 0-0: SINGLE (Groundball, 6MD, EV 102.5 MPH)
Batting: LHB Shin-Soo Choo 0-0: Ball
1-0: Ground out 4-3 (Groundball, 34, EV 77.5 MPH)
Bottom of the 7th over - 0 runs, 1 hit, 0 errors, 1 left on base; Kansas City 6 - Texas 2
TOP OF THE 8TH
Kansas City Royals batting - Pitching for Texas Rangers : RHP Josh Fields
Batting: RHB Cam Gallagher 0-0: Called Strike
0-1: Called Strike
0-2: Ball
1-2: Fly out, F7 (Flyball, 7LM, EV 80.0 MPH)
Batting: RHB Whit Merrifield 0-0: Fly out, F9 (Flyball, 89S, EV 75.6 MPH)
Batting: RHB Jorge Soler 0-0: Called Strike
0-1: Ball
1-1: Ball
2-1: Ball
3-1: Swinging Strike
3-2: Fly out, F8 (Flyball, 8RS, EV 91.3 MPH)
Top of the 8th over - 0 runs, 0 hits, 0 errors, 0 left on base; Kansas City 6 - Texas 2
BOTTOM OF THE 8TH
Texas Rangers batting - Pitching for Kansas City Royals : RHP Brady Singer
Pitching: RHP Tyler Zuber
Batting: SHB Danny Santana 0-0: Ball
1-0: Fly out, F9 (Flyball, 89S, EV 86.9 MPH)
Batting: LHB Joey Gallo 0-0: Foul Ball, location: 2F
0-1: Foul Ball, location: 2F
0-2: Ball
1-2: Ball
2-2: DOUBLE (Flyball, 8RXD, EV 110.0 MPH)
Batting: RHB Robinson Chirinos 0-0: Ball
1-0: Called Strike
1-1: Foul Ball, location: 2F
1-2: Fly out, F7 (Flyball, 7S, EV 80.0 MPH)
Batting: LHB Ronald Guzman 0-0: Ball
1-0: Ball
2-0: Called Strike
2-1: Fly out, F8 (Flyball, 8RD, EV 102.5 MPH)
Bottom of the 8th over - 0 runs, 1 hit, 0 errors, 1 left on base; Kansas City 6 - Texas 2
TOP OF THE 9TH
Kansas City Royals batting - Pitching for Texas Rangers : RHP Josh Fields
Batting: RHB Hunter Dozier 0-0: Called Strike
0-1: Called Strike
0-2: Strikes out looking
Pitching: LHP Joely Rodriguez
Batting: LHB Nicky Lopez 0-0: Ground out 1-3 (Groundball, 13S, EV 70.6 MPH)
Batting: LHB Ryan O'Hearn 0-0: Ball
1-0: Ground out 4-3 (Groundball, 4, EV 79.4 MPH)
Top of the 9th over - 0 runs, 0 hits, 0 errors, 0 left on base; Kansas City 6 - Texas 2
BOTTOM OF THE 9TH
Texas Rangers batting - Pitching for Kansas City Royals : RHP Tyler Zuber
Batting: RHB Isiah Kiner-Falefa 0-0: Ground out 5-3 (Groundball, 25, EV 77.5 MPH)
Batting: RHB Scott Heineman 0-0: Ground out 5-3 (Groundball, 15, EV 76.9 MPH)
Batting: RHB Andy Ibanez 0-0: SINGLE (Line Drive, 9S, EV 110.0 MPH)
Batting: RHB Elvis Andrus 0-0: Called Strike
0-1: Ball
1-1: Called Strike
1-2: Ball
2-2: Strikes out looking
Bottom of the 9th over - 0 runs, 1 hit, 0 errors, 1 left on base; Kansas City 6 - Texas 2
Tuesday, June 23rd, 2020 - OOTP Baseball 21.4 Build 63